 Dungeon Crawl Stone Soup version 0.28.0-47-ge53b351184 (webtiles) character file.

Game seed: 8917584203555969177

36 Zeld the Chopper (level 3, -1/33 HPs)
             Began as a Hill Orc Monk on May 2, 2022.
             Slain by a phantom (7 damage)
             ... on level 3 of the Dungeon.
             The game lasted 00:01:05 (1092 turns).

Zeld the Chopper (Hill Orc Monk)                    Turns: 1092, Time: 00:01:06

Health: -1/33      AC:  3    Str: 15    XL:     3   Next: 37%
Magic:  3/3        EV: 12    Int: 10    God:
Gold:   10         SH:  0    Dex: 13    Spells: 2/2 levels left

rFire   . . .      SeeInvis .   a - +2 hand axe (freeze)
rCold   . . .      Faith    .   (no shield)
rNeg    . . .      Spirit   .   b - +0 robe
rPois   .          Reflect  .   (no helmet)
rElec   .          Harm     .   (no cloak)
rCorr   .          Rampage  .   d - +0 pair of gloves
Will    .....                   (no boots)
Stlth   ++........              (no amulet)
HPRegen 0.11/turn               (no ring)
MPRegen 0.08/turn               (no ring)

@: no status effects
A: no striking features
a: no special abilities


You were on level 3 of the Dungeon.
You visited 1 branch of the dungeon, and saw 3 of its levels.

You collected 10 gold pieces.

Inventory:

Hand Weapons
 a - a +2 hand axe of freezing (weapon)
Armour
 b - a +0 robe (worn)
 d - a +0 pair of gloves (worn)
Scrolls
 f - 3 scrolls of immolation {unknown}
Potions
 c - a potion of lignification {unknown}
 e - a potion of might {unknown}


   Skills:
 * Level 4.1 Fighting
 * Level 4.6 Axes
 + Level 0.9 Armour
 + Level 2.5 Dodging
 + Level 1.9 Stealth


You had 2 spell levels left.
You didn't know any spells.
Your spell library was empty.

Dungeon Overview and Level Annotations

Branches:
Dungeon (3/15)

Altars:


Message History

You miss the phantom.
The phantom is lightly damaged.
The phantom hits you but does no damage.
You closely miss the phantom.
The phantom is lightly damaged.
The phantom completely misses you.
You hit the phantom.
The phantom is lightly damaged.
The phantom misses you.
You hit the phantom.
The phantom is moderately damaged.
The phantom barely misses you.
You closely miss the phantom.
The phantom is moderately damaged.
The phantom hits you.
You slash the phantom!
The phantom is heavily damaged.
The phantom hits you.
The phantom blinks!
You blink.
Unknown command.
You closely miss the phantom.
The phantom is heavily damaged.
The phantom closely misses you.
You barely miss the phantom.
The phantom is heavily damaged.
The phantom hits you!
You are too injured to fight recklessly!
You are too injured to fight recklessly!
You are too injured to fight recklessly!
You barely miss the phantom.
The phantom is heavily damaged.
The phantom hits you.
You are too injured to fight recklessly!
You slash the phantom!
The phantom is severely damaged.
The phantom hits you.
* * * LOW HITPOINT WARNING * * *
The phantom blinks!
You blink.
The phantom hits you.
* * * LOW HITPOINT WARNING * * *
The phantom hits you!
You die...

#.# #.# # #.#
#.###.#######
#.#.........#
#...........###
#.#.#.###.....#
#.#.#.#
#.###W##############
#.....# #.#
#.@.............
#..#..#
#.###.######.#.####
#....## #.....#
#.###.# # #....##
####### ##.#..# #
#..#..# #..#.# #
##....# #..#.# #
####.# #..#.# # #.#
...#.# # #.#
...##.#######


You could see a phantom.

Vanquished Creatures
  An adder (D:3)
  A worm (D:2)
  2 ball pythons
  3 bats (D:1)
  4 endoplasms
  A giant cockroach (D:2)
  3 goblins
  A hobgoblin (D:1)
  2 quokkas (D:1)
  A frilled lizard (D:1)
  3 kobolds (D:1)
  A rat (D:3)
23 creatures vanquished.

Notes
Turn   | Place    | Note
-------+----------+-------------------------------------------
     0 | D:1      | Zeld the Hill Orc Monk began the quest for the Orb.
     0 | D:1      | Reached XP level 1. HP: 19/19 MP: 1/1
   403 | D:1      | Reached XP level 2. HP: 27/27 MP: 2/2
   625 | D:2      | Reached XP level 3. HP: 14/33 MP: 3/3
  1054 | D:3      | Noticed a phantom
  1092 | D:3      | Slain by a phantom

Illustrated notes

Levels and vault maps discovered:
D:1:      wander_arrival_lonely_grave, layout_basic
D:2:      minmay_chambers_of_ones, layout_rooms, basic_ecumenical_altar,
          minmay_misc_feat_tower, uniq_robin
D:3:      minmay_razor_zed, layout_loops_ring, chequers_serial_rivers_marsh

Skill      XL: |  1  2 |
---------------+-------+-----
Fighting       | 4 |  4.1
Axes           | |  4.6
Armour         | |  0.9
Dodging        | |  2.5
Stealth        | |  1.9

Action                   || total
-------------------------++-------
Melee: Hand axe          ||    62
       Punch             ||     1
 Stab: Sleeping          ||     3
Armor: Robe              ||     9
Dodge: Dodged            ||    36
